 Dungeon Crawl Stone Soup version 0.29.1-1-gd02db6906a (webtiles) character file.

Game seed: 1763867635867479750

615 Doomgape the Chiller (level 7, 0/36 HPs)
             Began as a Gargoyle Ice Elementalist on Sept 18, 2022.
             Was an Initiate of Vehumet.
             Slain by Dwachs's ghost (17 damage)
             ... on level 4 of the Dungeon.
             The game lasted 00:17:45 (5828 turns).

Doomgape the Chiller (Gargoyle Ice Elementalist)    Turns: 5828, Time: 00:17:46

Health: 0/36       AC: 18    Str: 11    XL:     7   Next: 45%
Magic:  24/24      EV: 11    Int: 24    God:    Vehumet [......]
Gold:   193        SH:  0    Dex: 10    Spells: 9/16 levels left

rFire   . . .      SeeInvis .   t - +2 spear (venom)
rCold   . . .      Faith    .   (no shield)
rNeg    + . .      Spirit   .   a - +1 robe
rPois   ∞          Reflect  .   (no helmet)
rElec   +          Harm     .   p - +2 cloak {Will+}
rCorr   .          Rampage  .   (no gloves)
Will    +....                   (no boots)
Stlth   ++........              j - amulet of magic regeneration
HPRegen 0.12/turn               g - +6 ring of intelligence
MPRegen 0.59/turn               q - ring of magical power

@: ice-armoured, freezing walls
A: sickness immunity, AC +4, negative energy resistance 1, electricity
resistance, torment resistance 1, petrification resistance
a: Renounce Religion


You were on level 4 of the Dungeon.
You worshipped Vehumet.
Vehumet was noncommittal.
You visited 2 branches of the dungeon, and saw 5 of its levels.
You also visited: Sewer.

You collected 193 gold pieces.

Inventory:

Hand Weapons
 t - a +2 spear of venom (weapon)
Missiles
 s - 2 throwing nets
Armour
 a - a +1 robe (worn)
 p - a +2 cloak of willpower (worn)
Jewellery
 g - a +6 ring of intelligence (left hand)
 j - an amulet of magic regeneration (around neck)
 q - a ring of magical power (right hand)
 u - a ring of wizardry
Wands
 h - a wand of polymorph (1)
 k - a wand of light (6)
 w - a wand of paralysis (8)
Scrolls
 c - 4 scrolls of identify
 n - 3 scrolls of fear
 r - 3 scrolls of teleportation
Potions
 b - a potion of magic
 d - 2 potions of curing
 e - a potion of might
 f - a potion of flight
 i - a potion of invisibility {unknown}
 l - a potion of berserk rage {unknown}
 o - a potion of haste {unknown}
 v - a potion of heal wounds
 x - a potion of cancellation {unknown}


   Skills:
 - Level 1.5 Dodging
 - Level 2.1 Stealth
 + Level 5.3 Spellcasting
 + Level 6.8 Ice Magic


You had 9 spell levels left.
You knew the following spells:

 Your Spells              Type           Power      Damage    Failure   Level
a - Freeze                Ice            100%       1d11      1%          1
b - Frozen Ramparts       Ice            78%        1d12      1%          3
c - Ozocubu's Armour      Ice            39%        N/A       1%          3

Your spell library contained the following spells:

 Spells                   Type           Power      Damage    Failure   Level
 Ensorcelled Hibernation  Hex/Ice        44%        N/A       3%          2
 Hailstorm                Conj/Ice       22%        3d7       21%         4
 Gell's Gravitas          Tloc           6%         N/A       26%         3
 Spider Form              Tmut/Pois      6%         N/A       26%         3
 Teleport Other           Tloc           6%         N/A       26%         3
 Metabolic Englaciation   Hex/Ice        11%        N/A       50%         5
 Anguish                  Hex/Necr       3%         N/A       63%         4
 Simulacrum               Ice/Necr       11%        N/A       97%         6
 Dispersal                Tloc           3%         N/A       100%        6


Dungeon Overview and Level Annotations

Branches:
Dungeon (4/15)             Temple (1/1) D:4           Sewer (visited)

Altars:
Ashenzari
Elyvilon
Okawaru
Vehumet
Xom
Yredelemnul
The Shining One

Annotations:
D:4 Dwachs's ghost, amateur MiFi


Innate Abilities, Weirdness & Mutations

You are immune to sickness and miasma.
Your stone body is resilient. (AC +4)
You are immune to poison.
You resist negative energy. (rN+)
You are resistant to electric shocks. (rElec)
You are resistant to unholy torment.
You are immune to petrification.


Message History

Confirm with . or Enter, or press ? or * to list all spells.
Casting: Frozen Ramparts (safe; 1% risk of failure)
Press: ? - help, Dir - look around, f - activate
Okay, then.
Dwachs's ghost says very slowly, "There's no hope."
Casting: Frozen Ramparts (safe; 1% risk of failure)
Confirm with . or Enter, or press ? or * to list all spells.
Casting: Frozen Ramparts (safe; 1% risk of failure)
Press: ? - help, Dir - look around, f - activate The walls around you are covered in ice.
The wall freezes Dwachs's ghost but does no damage.
Unknown command.
You barely miss Dwachs's ghost.
The wall freezes Dwachs's ghost.
Dwachs's ghost hits you.
You hit Dwachs's ghost.
Dwachs's ghost is lightly damaged.
The wall freezes Dwachs's ghost but does no damage.
Dwachs's ghost hits you but does no damage.
You hit Dwachs's ghost.
Dwachs's ghost is lightly damaged.
The wall freezes Dwachs's ghost but does no damage.
Dwachs's ghost says, "They'll have to sweep you off the floor after I'm finished with you!"
Dwachs's ghost closely misses you.
You barely miss Dwachs's ghost.
Dwachs's ghost is lightly damaged.
The wall freezes Dwachs's ghost!
Dwachs's ghost hits you.
You hit Dwachs's ghost but do no damage.
Dwachs's ghost is moderately damaged.
The wall freezes Dwachs's ghost.
Dwachs's ghost hits you but does no damage.
You barely miss Dwachs's ghost.
Dwachs's ghost is moderately damaged.
The wall freezes Dwachs's ghost!
Dwachs's ghost closely misses you.
The wall freezes Dwachs's ghost.
Dwachs's ghost hits you but does no damage.
You hit Dwachs's ghost but do no damage.
Dwachs's ghost is heavily damaged.
The wall freezes Dwachs's ghost but does no damage.
Dwachs's ghost hits you!
You die...

##############
########.....))W@...#
#..............)###.##
#8.............8# #..######
#######'''####### ##......#
#.............# #.####.#
#....#####....# #.# #.#
#.###.....###.#####.####.#
##.#8#..8..#8#.##......##.#
.#.............##......##.####


You could see Dwachs's ghost.

Vanquished Creatures
  Pargi (Sewer)
  A scorpion (D:4)
  Crazy Yiuf (D:3)
  An orc priest (D:4)
  Jessica (D:3)
  2 iguanas (D:4)
  Natasha (thrice) (D:2)
  7 adders
  7 gnolls (D:4)
  5 worms
  4 dart slugs
  7 orcs
  4 bats
  7 endoplasms
  4 giant cockroaches
  10 goblins
  6 hobgoblins
  6 jackals
  3 quokkas
  7 ball pythons
  3 frilled lizards
  15 kobolds
  6 rats
111 creatures vanquished.

Vanquished Creatures (others)
  6 plants (D:2)
6 creatures vanquished.

Grand Total: 117 creatures vanquished

Notes
Turn   | Place    | Note
-------+----------+-------------------------------------------
     0 | D:1      | Doomgape the Gargoyle Ice Elementalist began the quest for
                  | the Orb.
     0 | D:1      | Reached XP level 1. HP: 10/10 MP: 3/3
   359 | D:1      | Reached XP level 2. HP: 15/15 MP: 1/5
  1241 | D:2      | Reached XP level 3. HP: 7/19 MP: 2/6
  1578 | D:2      | Found a faded altar of an unknown god.
  1932 | D:2      | Learned a level 3 spell: Frozen Ramparts
  1936 | D:2      | Learned a level 3 spell: Ozocubu's Armour
  2154 | D:2      | Reached XP level 4. HP: 24/24 MP: 5/8
  2186 | D:2      | Noticed Natasha
  2194 | D:2      | Killed Natasha
  2195 | D:2      | Reached skill level 5 in Ice Magic
  2217 | D:2      | Noticed Natasha
  2256 | D:2      | Killed Natasha
  2409 | D:2      | Noticed Natasha
  2452 | D:2      | Reached XP level 5. HP: 28/28 MP: 7/10
  2769 | D:2      | Killed Natasha
  2932 | D:3      | Noticed Jessica
  2937 | D:3      | Killed Jessica
  3031 | D:3      | Found a runed translucent door.
  3032 | D:3      | Noticed Crazy Yiuf
  3261 | D:3      | Found a glowing drain.
  3269 | Sewer    | Entered a sewer
  3398 | Sewer    | Noticed Pargi
  3404 | Sewer    | Killed Pargi
  3405 | Sewer    | Reached XP level 6. HP: 20/32 MP: 4/12
  3566 | D:3      | Reached skill level 6 in Ice Magic
  3630 | D:3      | Killed Crazy Yiuf
  4495 | D:4      | Found a staircase to the Ecumenical Temple.
  4522 | Temple   | Entered the Ecumenical Temple
  4628 | Temple   | Became a worshipper of Vehumet
  4809 | D:4      | Reached XP level 7. HP: 36/36 MP: 14/14
  4966 | D:4      | Found a runed translucent gate.
  4967 | D:4      | Found a runed translucent gate.
  4968 | D:4      | Noticed Dwachs's ghost (amateur MiFi)
  4969 | D:4      | Found a runed translucent gate.
  4974 | D:4      | Identified the +7 sling "Eviscerator" {venom, rC+}
  5030 | D:4      | Reached skill level 5 in Spellcasting
  5828 | D:4      | Slain by Dwachs's ghost

Illustrated notes

Levels and vault maps discovered:
D:1:      tarquinn_simple_flora_water_f, layout_loops_ring
D:2:      layout_basic, shapermc_ecumenical_altar_mp_ritualfount,
          serial_bayou_pond_a, uniq_natasha
D:3:      layout_loops_corners, cheibrodos_sewer_entry_drain, uniq_jessica,
          uniq_crazy_yiuf_cottage
D:4:      layout_basic, minmay_temple_entry_waves, biasface_ghost_orc_armoury
Temple:   dpeg_chambers_temple

Skill      XL: |  1  2  3  4  5  6  7 |
---------------+----------------------+-----
Spellcasting   | 3 4 5 |  5.3
Ice Magic      | 5 6 |  6.8
Dodging        | |  1.5
Stealth        | |  2.1

Action                   |  1- 3 |  4- 6 |  7- 9 || total
-------------------------+-------+-------+-------++-------
Melee: Unarmed           |     2 |    34 |       ||    36
       Punch             |       |     2 |     1 ||     3
       Whip              |       |    15 |     5 ||    20
       Spear             |       |       |    19 ||    19
 Cast: Freeze            |    63 |    48 |       ||   111
       Frozen Ramparts   |     1 |    16 |     8 ||    25
       Ozocubu's Armour  |       |     4 |     2 ||     6
Evoke: Wand              |       |     1 |       ||     1
  Use: Scroll            |     5 |     4 |     2 ||    11
Armor: Robe              |    17 |    32 |    10 ||    59
Dodge: Dodged            |    22 |    48 |    15 ||    85
